 Dungeon Crawl Stone Soup version 0.29.1-2-gbd0b4ee654 (webtiles) character file.

Game seed: 10527240932896715762

165 Icepheonix32 the Grave Robber (level 5, -4/25 (28) HPs)
             Began as a Deep Elf Necromancer on Oct 31, 2022.
             Slain by a necrophage (7 damage)
             ... on level 4 of the Dungeon.
             The game lasted 00:05:20 (3219 turns).

Icepheonix32 the Grave Robber (DENe)                Turns: 3219, Time: 00:05:20

HP:   -4/25 (28)    AC:  3    Str:  7    XL:     5   Next: 21%
MP:   11/11         EV: 13    Int: 20    God:
Gold: 261           SH:  0    Dex: 18    Spells: 6/10 levels left

rFire   . . .      SeeInvis .   o - +1 falchion (elec)
rCold   . . .      Faith    .   (no shield)
rNeg    . . .      Spirit   .   a - +0 robe
rPois   .          Reflect  .   l - +0 helmet
rElec   .          Harm     .   (no cloak)
rCorr   .          Rampage  .   (no gloves)
Will    +....                   (no boots)
Stlth   ++........              f - amulet of magic regeneration
HPRegen 0.08/turn               e - ring of Othu {Fly Will+ Dex+3}
MPRegen 0.52/turn               (no ring)

@: flying, heavily drained
A: no striking features
a: no special abilities


You were on level 4 of the Dungeon.
You visited 1 branch of the dungeon, and saw 4 of its levels.

You collected 261 gold pieces.

Inventory:

Hand Weapons
 c - a +0 dagger
 o - a +1 falchion of electrocution (weapon)
Missiles
 h - 8 boomerangs
Armour
 a - a +0 robe (worn)
 l - a +0 helmet (worn)
Jewellery
 e - the ring of Othu (left hand) {Fly Will+ Dex+3}
   (You acquired it on level 2 of the Dungeon)

   [ring of flight]

   Dex:       It affects your dexterity (+3).
   Fly:       It grants you flight.
   Will:      It increases your willpower.
 f - an amulet of magic regeneration (around neck)
 g - an amulet of faith
Wands
 j - a wand of iceblast (6)
 k - a wand of quicksilver (3)
 m - a wand of polymorph (5)
Potions
 b - a potion of magic
 d - a potion of heal wounds
 i - a potion of haste
 n - a potion of curing


   Skills:
 - Level 2.4 Dodging
 - Level 2.4 Stealth
 - Level 3.0 Spellcasting
 + Level 7.9 Necromancy


You had 6 spell levels left.
You knew the following spells:

 Your Spells              Type           Power      Damage    Failure   Level
a - Necrotise             Necr           100%       1d9       1%          1
b - Vampiric Draining     Necr           34%        2d8       1%          3

Your spell library contained the following spells:

 Spells                   Type           Power      Damage    Failure   Level
 Animate Dead             Necr           34%        N/A       5%          4
 Magic Dart               Conj           12%        1d3       14%         1
 Agony                    Necr           34%        N/A       16%         5
 Call Imp                 Summ           3%         N/A       22%         2
 Gell's Gravitas          Tloc           3%         N/A       38%         3
 Mephitic Cloud           Conj/Pois/Air  3%         N/A       38%         3
 Teleport Other           Tloc           3%         N/A       38%         3
 Dispersal                Tloc           1%         N/A       100%        6


Dungeon Overview and Level Annotations

Branches:
Dungeon (4/15)
 Temple: D:4-7

Altars:
Wu Jian
The Shining One

Annotations:
D:3 1 runed translucent door, deadpool521's ghost, weakling HOFi


Message History

You hear the slow rusting of a drain very nearby.
A necrophage comes into view.
Found an escape hatch in the floor.
A rat and a river rat come into view.
The necrophage hits you.
You hit the necrophage.
The necrophage is lightly damaged.
The necrophage hits you.
You feel drained.
You hit the necrophage.
The necrophage is moderately damaged.
The necrophage hits you.
You feel drained.
You hit the necrophage.
The necrophage is heavily damaged.
The necrophage hits you. The necrophage barely misses you.
You hit the necrophage.
The necrophage is heavily damaged.
The necrophage closely misses you.
You hit the necrophage but do no damage.
The necrophage is heavily damaged.
The necrophage hits you.
You are too injured to fight recklessly!
You are too injured to fight recklessly!
You are too injured to fight recklessly!
The necrophage attacks as you move away!
The necrophage hits you.
* * * LOW HITPOINT WARNING * * *
You feel drained.
* * * LOW HITPOINT WARNING * * *
You closely miss the necrophage.
The necrophage is heavily damaged.
The necrophage closely misses you. x2
You closely miss the necrophage.
The necrophage is heavily damaged.
The necrophage hits you.
* * * LOW HITPOINT WARNING * * *
Unknown command.
You barely miss the necrophage.
The necrophage is heavily damaged.
The necrophage hits you!
You die...

#........#.# #.#
#.....)..#.. #.#
#......Z.# # #.#
#........# #.#
######..S#
###.##########.#
#.........# #.#
#.........# #S#
.###..n@.....#
#.###
#............#
#...#
#....>.......#
###.#
#......#.#####
#...#
#......#.####
#.###
#......#....#
#.#
#.....#.####.#
#.# ...~~~#.#
#.# #.# .~r~r#.
#.# #.#


You could see a necrophage.

Vanquished Creatures
  Jessica (D:3)
  Ijyb (D:4)
  Robin (D:3)
  An adder (D:2)
  A worm (D:3)
  3 dart slugs
  2 orcs (D:3)
  4 bats
  6 endoplasms
  A giant cockroach (D:3)
  11 hobgoblins
  7 jackals
  3 quokkas
  6 ball pythons
  3 frilled lizards
  15 goblins
  2 kobolds
  3 rats
71 creatures vanquished.

Vanquished Creatures (collateral kills)
  An orc (D:3)
  An endoplasm (D:1)
  A frilled lizard (D:1)
3 creatures vanquished.

Grand Total: 74 creatures vanquished

Notes
Turn   | Place    | Note
-------+----------+-------------------------------------------
     0 | D:1      | Icepheonix32 the Deep Elf Necromancer began the quest for
                  | the Orb.
     0 | D:1      | Reached XP level 1. HP: 10/10 MP: 6/6
     6 | D:1      | Reached skill level 5 in Necromancy
   234 | D:1      | Reached XP level 2. HP: 15/15 MP: 2/8
   588 | D:1      | Found a faded altar of an unknown god.
   714 | D:1      | Reached skill level 6 in Necromancy
   718 | D:1      | Reached XP level 3. HP: 19/19 MP: 2/9
  2330 | D:2      | Identified a scroll of acquirement
  2330 | D:2      | Acquired the ring of Othu {Fly Will+ Dex+3}
  2359 | D:3      | Noticed deadpool521's ghost (weakling HOFi)
  2359 | D:3      | Found a runed translucent door.
  2374 | D:3      | Learned a level 3 spell: Vampiric Draining
  2408 | D:3      | Found a glowing golden altar of the Shining One.
  2423 | D:3      | Reached XP level 4. HP: 24/24 MP: 7/10
  2488 | D:3      | Noticed Grinder
  2498 | D:3      | Noticed Jessica
  2500 | D:3      | Noticed Robin
  2521 | D:3      | Killed Jessica
  2522 | D:3      | Reached skill level 7 in Necromancy
  2537 | D:3      | Killed Robin
  2969 | D:3      | Found an ornate altar of the Wu Jian Council.
  3086 | D:3      | Reached XP level 5. HP: 28/28 MP: 9/11
  3131 | D:4      | Noticed Ijyb
  3143 | D:4      | Killed Ijyb
  3219 | D:4      | Slain by a necrophage

Illustrated notes

Levels and vault maps discovered:
D:1:      minmay_arrival_radiant_lines, layout_basic,
          ebering_ecumenical_altar_mist
D:2:      layout_loops_cross, minmay_tree_intersection, kennysheep_nub,
          reono_crystal_passage
D:3:      layout_rooms, mainiacjoe_overflow_six_doors_small,
          pdpol_wu_jian_five_deadly_venoms, hellmonk_ghost_happy_afterlife,
          uniq_grinder, uniq_robin, uniq_jessica
D:4:      layout_basic, minmay_temple_entry_crystal_x, portal_sewer_entry_b,
          minmay_manual_moon, uniq_ijyb

Skill      XL: |  1  2  3  4 |
---------------+-------------+-----
Necromancy     | 5 6 7 |  7.9
Dodging        | |  2.4
Stealth        | |  2.4
Spellcasting   | |  3.0

Action                   |  1- 3 |  4- 6 || total
-------------------------+-------+-------++-------
Melee: Dagger            |    33 |    10 ||    43
       Falchion          |       |    12 ||    12
       Punch             |       |     1 ||     1
Throw: Boomerang         |     1 |     1 ||     2
 Cast: Necrotise         |    62 |    37 ||    99
       Vampiric Draining |       |     4 ||     4
  Use: Scroll            |     9 |     1 ||    10
       Potion            |       |     2 ||     2
 Stab: Sleeping          |       |     1 ||     1
Armor: Robe              |    11 |     3 ||    14
       Skin              |       |    17 ||    17
Dodge: Dodged            |    36 |    23 ||    59
